 Dungeon Crawl Stone Soup version 0.30-a0-743-gbfdf073431 (webtiles) character file.

Game seed: 8698166608480063903

95 Dirtsage the Slasher (level 4, 0/23 HPs)
             Began as a Vine Stalker Gladiator on Feb 7, 2023.
             Slain by an ice beast (10 damage)
             ... on level 3 of the Dungeon.
             The game lasted 00:03:44 (2291 turns).

Dirtsage the Slasher (Vine Stalker Gladiator)       Turns: 2291, Time: 00:03:44

Health: 0/23       AC:  4    Str: 17    XL:     4   Next: 66%
Magic:  0/5        EV: 12    Int:  8    God:
Gold:   251        SH:  0    Dex: 17    Spells: 3/3 levels left

rFire   . . .      SeeInvis .    a - +0 long sword
rCold   . . .      Faith    .    (no shield)
rNeg    . . .      Spirit   +    b - +0 leather armour
rPois   .          Reflect  .    c - +0 helmet
rElec   .          Harm     .    (no cloak)
rCorr   .          Rampage  .    (no gloves)
Will    .....                    (no boots)
Stlth   +                        (no amulet)
HPRegen 1.03/turn                (no ring)
MPRegen 0.09/turn                (no ring)

@: no status effects
A: fangs 2, regeneration 1, magic shield, antimagic bite, no potion heal 2
a: no special abilities


You were on level 3 of the Dungeon.
You visited 1 branch of the dungeon, and saw 3 of its levels.

You collected 251 gold pieces.

Inventory:

Hand Weapons
 a - a +0 long sword (weapon)
 h - a +1 dagger of speed
Missiles
 d - 3 throwing nets (quivered)
 e - a javelin
Armour
 b - a +0 leather armour (worn)
 c - a +0 helmet (worn)
Wands
 q - a wand of roots (11)
Scrolls
 f - a scroll of magic mapping {unknown}
 i - a scroll of blinking {unknown}
 m - a scroll of enchant armour {unknown}
 o - 3 scrolls of identify {unknown}
 r - a scroll of noise {unknown}
 s - a scroll of teleportation {unknown}
Potions
 g - a potion of degeneration {unknown}
 j - 2 potions of might {unknown}
 k - 3 potions of curing {unknown}
 l - a potion of attraction {unknown}
 n - a potion of cancellation {unknown}
 p - a potion of haste {unknown}


   Skills:
 - Level 1.7 Fighting
 + Level 4.8 Long Blades
 - Level 1.7 Throwing
 - Level 2.4 Dodging


You had 3 spell levels left.
You didn't know any spells.
Your spell library contained the following spells:

 Spells                   Type           Power      Damage    Failure   Level
 Cigotuvi's Dreadful Rot  Necr/Pois/Air  0%         N/A       63%         2
 Ensorcelled Hibernation  Hex/Ice        0%         N/A       63%         2
 Passwall                 Tmut/Erth      0%         N/A       63%         2
 Poisonous Vapours        Pois/Air       0%         N/A       63%         2
 Call Canine Familiar     Summ           0%         N/A       85%         3
 Dazzling Flash           Conj/Hex       0%         N/A       85%         3
 Mephitic Cloud           Conj/Pois/Air  0%         N/A       85%         3
 Portal Projectile        Hex/Tloc       0%         N/A       85%         3
 Swiftness                Air            0%         N/A       85%         3
 Iskenderun's Mystic Bla  Conj/Tloc      0%         2d3       99%         4
 Leda's Liquefaction      Hex/Erth       0%         N/A       99%         4
 Starburst                Conj/Fire      0%         6d3       100%        6


Dungeon Overview and Level Annotations

Branches:
Dungeon (3/15)

Altars:


Innate Abilities, Weirdness & Mutations

You have extremely sharp teeth.
Your natural rate of healing is unusually fast.
When hurt, damage is shared between your health and your magic reserves.
Your bite disrupts and absorbs the magic of your enemies.
Potions cannot restore your health.


Message History

There is an open door here.
You see here a +0 club.
You see here a +0 club.
There is an open door here.
There is an open door here.
There is an open door here.
An ice beast comes into view.
You see here 7 stones.
Aiming: Fastroot
Press: ? - help, Shift-Dir - straight line, f - ice beast
Aim: an ice beast The roots erupt in riotous growth!
Roots grab the ice beast.
The grasping roots constrict the ice beast.
The ice beast escapes!
You hit the ice beast. You bite the ice beast. You drain its power.
The ice beast is lightly wounded.
The ice beast hits you. The ice beast freezes you!
You take 13 damage, and have 10/23 hp.
MASSIVE DAMAGE!!
You now have 2/5 mp.
You hit the ice beast.
You bite the ice beast, but do no damage.
The ice beast is moderately wounded.
The ice beast hits you but does no damage.
You closely miss the ice beast.
You bite the ice beast, but do no damage.
The ice beast is moderately wounded.
The ice beast hits you. The ice beast freezes you.
The ice beast hits you but does no damage.
You take 4 damage, and have 7/23 hp.
You now have 1/5 mp.
You hit the ice beast but do no damage.
You bite the ice beast, but do no damage.
The ice beast is moderately wounded.
The ice beast hits you but does no damage.
You hit the ice beast. Your bite misses the ice beast.
The ice beast is heavily wounded.
The ice beast closely misses you.
You closely miss the ice beast.
The ice beast is heavily wounded.
The ice beast hits you. The ice beast freezes you!
You die...

###########.###
#.............#########
#.#######.............# #.#
##...########.# #.# ##.## #.#
#.# #.# #.# #.# #.# #.# ###.#
##Y## #.### #...# ##.@.##
#...# #.### ##..(..## ###.#
#.#.## ##.......## ##.#.#
####....####.........####....#
...........+.........+.......#
###.#...####.........####....#
#.##.## ##.......######.#.#
#.#### ##.....##........# #.#
##...###.######.#


You could see an ice beast.

Vanquished Creatures
  Jessica (D:2)
  An adder (D:2)
  2 worms
  2 dart slugs
  An orc (D:3)
  3 endoplasms
  A giant cockroach (D:2)
  6 goblins
  5 hobgoblins
  2 jackals (D:1)
  2 quokkas
  4 ball pythons
  5 bats
  2 frilled lizards
  6 kobolds
  3 rats
46 creatures vanquished.

Vanquished Creatures (others)
  A ghoul (D:1)
  A minotaur (D:1)
  A demonspawn (D:1)
  An octopode (D:1)
  A gargoyle (D:1)
  A troll (D:1)
  A spriggan (D:1)
  A human (D:1)
  A tengu (D:1)
  An ogre (D:1)
  A gnoll (D:1)
  A kobold (D:1)
  14 tentacles (D:1)
26 creatures vanquished.

Grand Total: 72 creatures vanquished

Notes
Turn   | Place    | Note
-------+----------+-------------------------------------------
     0 | D:1      | Dirtsage the Vine Stalker Gladiator began the quest for the
                  | Orb.
     0 | D:1      | Reached XP level 1. HP: 11/11 MP: 2/2
     0 | D:1      | Noticed a tengu
     0 | D:1      | Noticed a human
     0 | D:1      | Noticed an octopode
     0 | D:1      | Noticed a demonspawn
     0 | D:1      | Noticed an ogre
     0 | D:1      | Noticed a spriggan
     0 | D:1      | Noticed a ghoul
     0 | D:1      | Noticed a kraken
     0 | D:1      | Noticed a troll
     0 | D:1      | Noticed a minotaur
     0 | D:1      | Noticed a gargoyle
     5 | D:1      | Killed a tengu
     6 | D:1      | Killed a human
     7 | D:1      | Killed an ogre
     9 | D:1      | Killed a troll
    11 | D:1      | Killed a gargoyle
    14 | D:1      | Killed a ghoul
    18 | D:1      | Killed a minotaur
    18 | D:1      | Killed an octopode
    18 | D:1      | Killed a demonspawn
    21 | D:1      | Killed a spriggan
    48 | D:1      | Reached skill level 3 in Long Blades
    75 | D:1      | Reached XP level 2. HP: 14/15 MP: 3/3
   800 | D:2      | Reached XP level 3. HP: 5/18 MP: 2/4
   948 | D:2      | Reached skill level 4 in Long Blades
  1354 | D:2      | Noticed Jessica
  1363 | D:2      | Killed Jessica
  1364 | D:2      | Gained mutation: Your natural rate of healing is unusually
                  | fast. [Vine Stalker growth]
  1364 | D:2      | Reached XP level 4. HP: 17/23 MP: 3/5
  1913 | D:3      | Found a faded altar of an unknown god.
  2282 | D:3      | Noticed an ice beast
  2291 | D:3      | Slain by an ice beast

Illustrated notes

Levels and vault maps discovered:
D:1:      nicolae_arrival_kraken_aquarium_a, layout_basic,
          hangedman_decor_clover_reticule
D:2:      layout_basic, grunt_ministairs_10, kennysheep_jessica_study
D:3:      layout_loops_corners, ebering_ecumenical_altar_abandoned

Skill      XL: |  1  2  3 |
---------------+----------+-----
Long Blades    | 3 4 |  4.8
Fighting       | |  1.7
Throwing       | |  1.7
Dodging        | |  2.4

Action                     |  1- 3 |  4- 6 || total
---------------------------+-------+-------++-------
  Melee: Long sword        |    85 |    34 ||   119
         Bite              |    16 |    10 ||    26
         Punch             |     2 |     2 ||     4
  Evoke: Wand              |       |     1 ||     1
   Stab: Sleeping          |       |     2 ||     2
 Armour: Leather armour    |    37 |    11 ||    48
  Dodge: Dodged            |    95 |    19 ||   114

Table legend: (Time is in decaauts)
 A = Elapsed time spent in this place.
 B = Non-inter-level travel time spent in this place.
 C = Inter-level travel time spent in this place.
 D = Time resting spent in this place.
 E = Time spent auto-exploring this place.
 F = Levels seen in this place.
 G = Mean time per level.
                   A        B        C        D        E       F      G
               +--------+--------+--------+--------+--------+-----+--------+
         Total |   2314 |   2234 |     80 |      0 |   1913 |   3 |  771.3 |
       Dungeon |   2314 |   2234 |     80 |      0 |   1913 |   3 |  771.3 |
               +--------+--------+--------+--------+--------+-----+--------+

Top non-repeatable levels by time:
     D:2: 846 daAuts
     D:3: 821 daAuts
     D:1: 647 daAuts
